 Dungeon Crawl Stone Soup version 0.26.0-18-gc5c842f807 (webtiles) character file.

Game seed: 14295497277362756861

58 kaeus the Firebug (level 4, -3/24 HPs)
             Began as a Gargoyle Fire Elementalist on Jan 23, 2021.
             Slain by a gnoll
             ... wielding a +0 spear
              (4 damage)
             ... on level 2 of the Dungeon.
             The game lasted 00:01:30 (1885 turns).

kaeus the Firebug (Gargoyle Fire Elementalist)      Turns: 1885, Time: 00:01:31

Health: -3/24      AC:  6    Str: 11    XL:     4   Next: 1%
Magic:  2/7        EV: 12    Int: 17    God:
Gold:   37         SH:  0    Dex: 10    Spells: 6/7 levels left

rFire    . . .     SeeInvis .   b - +0 dagger
rCold    . . .     Faith    .   (no shield)
rNeg     + . .     Spirit   .   a - +0 robe
rPois    ∞         Reflect  .   (no helmet)
rElec    +         Harm     .   m - +0 cloak
rCorr    .         Rampage  .   (no gloves)
Will     .....                  (no boots)
Stlth    ++........             (no amulet)
HPRegen  0.08/turn              c - ring of flight
MPRegen  0.10/turn              (no ring)

@: no status effects
A: negative energy resistance 1, electricity resistance, unbreathing,
petrification resistance, miasma immunity, AC +3
a: Evoke Flight


You were on level 2 of the Dungeon.
You visited 1 branch of the dungeon, and saw 2 of its levels.

You collected 37 gold pieces.

Inventory:

Hand Weapons
 b - a +0 dagger (weapon)
Armour
 a - a +0 robe (worn)
 m - a +0 cloak (worn)
Jewellery
 c - a ring of flight (left hand)
Scrolls
 g - a scroll of noise {unknown}
 h - a scroll of blinking {unknown}
 j - a scroll of remove curse {unknown}
 k - 2 scrolls of amnesia {unknown}
Potions
 d - a potion of cancellation {unknown}
 e - 2 potions of haste {unknown}
 f - a potion of heal wounds {unknown}
 i - a potion of berserk rage {unknown}
 l - a potion of curing {unknown}
 n - a potion of resistance {unknown}


   Skills:
 - Level 1.5 Dodging
 - Level 2.1 Stealth
 + Level 2.4 Spellcasting
 * Level 2.6 Conjurations
 * Level 3.8 Fire Magic


You had 6 spell levels left.
You knew the following spells:

 Your Spells              Type           Power        Failure   Level
a - Foxfire               Conj/Fire      52%          4%          1

Your spell library contained the following spells:

 Spells                   Type           Power        Failure   Level
 Conjure Flame            Conj/Fire      13%          14%         3
 Inner Flame              Hex/Fire       8%           26%         3
 Sticky Flame             Conj/Fire      13%          43%         4
 Fireball                 Conj/Fire      6%           80%         5


Dungeon Overview and Level Annotations

Branches:
Dungeon (2/15)

Altars:


Innate Abilities, Weirdness & Mutations

You are resistant to torment.
Your stone body is resilient. (AC +3)
You are immune to poison.
You resist negative energy. (rN+)
You are resistant to electric shocks. (rElec)
You can survive without breathing.
You are immune to petrification.
You are immune to miasma.


Message History

The gnoll closely misses you. The gnoll hits you with a +0 spear.
You take 1 damage, and have 11/24 hp.
You hit the gnoll.
The gnoll is moderately wounded.
The gnoll hits you with a +0 spear. The gnoll closely misses you.
You take 2 damage, and have 9/24 hp.
You hit the gnoll but do no damage.
The gnoll is moderately wounded.
The gnoll hits you but does no damage. The gnoll completely misses you.
You barely miss the gnoll.
The gnoll is moderately wounded.
The gnoll hits you with a +0 spear.
* * * LOW HITPOINT WARNING * * *
You take 4 damage, and have 5/24 hp.
You closely miss the gnoll.
The gnoll is moderately wounded.
The gnoll hits you with a +0 club.
* * * LOW HITPOINT WARNING * * *
The gnoll hits you with a +0 spear.
You die...

#.# ### #.# g. #.# #.#
##.## #g. ... #.. #.#
#.# #..#####.## #.#
#.....g@g.# #.# .
##.##.##.)#####.# .
#.##.##........# .
#.......#.#.#..#######.
####.##..###...........
#.##.## ##..........
#.....###....######.
######.#.#...# #...
##.##...####...


You could see 2 gnolls.

Vanquished Creatures
  2 gnolls (D:2)
  3 dart slugs
  A ball python (D:1)
  7 bats
  A giant cockroach (D:1)
  A goblin (D:1)
  4 hobgoblins
  4 jackals (D:1)
  2 frilled lizards (D:1)
  A kobold (D:1)
  5 rats (D:1)
31 creatures vanquished.

Vanquished Creatures (others)
  102 foxfires
102 creatures vanquished.

Grand Total: 133 creatures vanquished

Notes
Turn   | Place    | Note
-------+----------+-------------------------------------------
     0 | D:1      | kaeus the Gargoyle Fire Elementalist began the quest for
                  | the Orb.
     0 | D:1      | Reached XP level 1. HP: 10/10 MP: 3/3
   227 | D:1      | Reached XP level 2. HP: 5/15 MP: 1/5
   967 | D:1      | Reached XP level 3. HP: 19/19 MP: 2/6
  1867 | D:2      | Reached XP level 4. HP: 24/24 MP: 0/7
  1885 | D:2      | HP: 1/24 [gnoll/+0 club (4)]
  1885 | D:2      | Slain by a gnoll

Illustrated notes

Levels and vault maps discovered:
D:1:      nzn_arrival_settlement, layout_basic
D:2:      layout_loops_ring, chequers_ecumenical_altar_twisty

Skill      XL: |  1  2 |
---------------+-------+-----
Conjurations   | 2 |  2.6
Dodging        | |  1.5
Stealth        | |  2.1
Spellcasting   | |  2.4
Fire Magic     | |  3.8

Action                   |  1- 3 |  4- 6 || total
-------------------------+-------+-------++-------
Melee: Dagger            |    48 |    16 ||    64
 Cast: Foxfire           |    72 |       ||    72
Armor: Robe              |     9 |     4 ||    13
Dodge: Dodged            |    31 |    17 ||    48
